 Dungeon Crawl Stone Soup version 0.30-a0-639-g3916f1956a (webtiles) character file.

Game seed: 14802302869090872742

74 pokeman the Magician (level 4, -10/25 HPs)
             Began as a Deep Elf Hedge Wizard on Jan 16, 2023.
             Mangled by a gnoll
             ... wielding a +0 flail
              (13 damage)
             ... on level 2 of the Dungeon.
             The game lasted 00:02:15 (2181 turns).

pokeman the Magician (Deep Elf Hedge Wizard)        Turns: 2181, Time: 00:02:16

Health: -10/25     AC:  2    Str:  7    XL:     4   Next: 9%
Magic:  0/13       EV: 17    Int: 21    God:
Gold:   30         SH:  0    Dex: 14    Spells: 6/14 levels left

rFire   . . .      SeeInvis .    a - +0 dagger
rCold   . . .      Faith    .    (no shield)
rNeg    . . .      Spirit   .    b - +0 robe
rPois   .          Reflect  .    c - +0 hat
rElec   .          Harm     .    (no cloak)
rCorr   .          Rampage  .    (no gloves)
Will    .....                    (no boots)
Stlth   ++                       (no amulet)
HPRegen 0.24/turn                k - +5 ring of evasion
MPRegen 0.13/turn                (no ring)

@: very slightly contaminated
A: no striking features
a: no special abilities


You were on level 2 of the Dungeon.
You visited 1 branch of the dungeon, and saw 2 of its levels.

You collected 30 gold pieces.

Inventory:

Hand Weapons
 a - a +0 dagger (weapon)
Missiles
 i - 2 curare-tipped darts
Armour
 b - a +0 robe (worn)
 c - a +0 hat (worn)
Jewellery
 k - a +5 ring of evasion (left hand)
Scrolls
 f - 4 scrolls of amnesia {unknown}
 g - 2 scrolls of enchant weapon {unknown}
 h - a scroll of teleportation {unknown}
 j - a scroll of enchant armour {unknown}
 l - a scroll of identify {unknown}
Potions
 d - 2 potions of magic
 e - 4 potions of lignification {unknown}


   Skills:
 + Level 1.1 Fighting
 + Level 1.1 Armour
 - Level 2.4 Dodging
 - Level 2.4 Stealth
 * Level 5.5 Spellcasting
 + Level 2.1 Conjurations
 - Level 1.1 Summonings
 - Level 1.1 Translocations


You had 6 spell levels left.
You knew the following spells:

 Your Spells              Type           Power      Damage    Failure   Level
a - Magic Dart            Conj           56%        1d5       4%          1
b - Mephitic Cloud        Conj/Pois/Air  8%         N/A       22%         3
c - Call Imp              Summ           10%        N/A       10%         2
d - Blink                 Tloc           20%        N/A       10%         2

Your spell library contained the following spells:

 Spells                   Type           Power      Damage    Failure   Level
 Slow                     Hex            20%        N/A       11%         1
 Cigotuvi's Dreadful Rot  Necr/Pois/Air  10%        N/A       16%         2


Dungeon Overview and Level Annotations

Branches:
Dungeon (2/15)

Altars:


Message History

The kobold screams, "I'll kill you anyway!"
The gnoll is engulfed in noxious fumes.
The gnoll appears confused.
The gnoll hits the gnoll with a +0 halberd!
Unknown command.
You feel less confused.
The gnoll is engulfed in noxious fumes.
The gnoll appears confused.
The gnoll barely misses the gnoll.
Casting: Mephitic Cloud (extremely dangerous; 22% risk of failure)
Confirm with . or Enter, or press ? or * to list all spells.
The spell is extremely dangerous to miscast (22% risk of failure)!
Continue anyway?
Aiming: Mephitic Cloud (extremely dangerous; 22% risk of failure)
Press: ? - help, Shift-Dir - straight line, f/p - kobold
Aim: a kobold, wielding a +0 dagger and quivering stones (heavily wounded, confused, chance to affect: 96%)
You miscast Mephitic Cloud.
You are very lightly contaminated with residual magic.
Energy rips through your body!
The kobold looks very confused.
The gnoll hits you with a +0 flail! The gnoll closely misses you.
The gnoll barely misses the gnoll.
The gnoll hits itself with a +0 halberd.
Casting: Mephitic Cloud (extremely dangerous; 22% risk of failure)
Confirm with . or Enter, or press ? or * to list all spells.
The spell is extremely dangerous to miscast (22% risk of failure)!
Continue anyway?
Aiming: Mephitic Cloud (extremely dangerous; 22% risk of failure)
Press: ? - help, Shift-Dir - straight line, f - gnoll, p - kobold
Aim: a gnoll, wielding a +0 flail (heavily wounded, chance to affect: 91%) That beam is likely to hit you.
Continue anyway?
You miscast Mephitic Cloud.
You are caught in an explosion of electrical discharges.
* * * LOW HITPOINT WARNING * * *
The gnoll closely misses you. The gnoll misses you.
The gnoll attacks as you move away! The gnoll hits you with a +0 flail.
* * * LOW HITPOINT WARNING * * *
You feel a bit more experienced.
Casting: Mephitic Cloud (extremely dangerous; 22% risk of failure)
Confirm with . or Enter, or press ? or * to list all spells.
You miscast Blink.
Nothing appears to happen.
The gnoll hits you with a +0 flail!
Ouch! That really hurt!
You die...

####### #...... ...### #.#####
##.#.#### #.##... ........#######
#.##... .K..$.........# #.##...
#..†.#.#####g# #...... .#
#.#.##.# #g# #####.# ....#.#.##.#
#@# #.# ......g....# #.# #####.#
###.###'#### #.# #.<.#.# ##...##
#.# ####.....# #.#.....## #.#####
#........# #........## #..>..#
#.###.##.#
............####...#.###.##......
............'...†..†.............
###.........###....#.##..##......


You could see 2 gnolls.

Vanquished Creatures
  3 adders (D:2)
  4 dart slugs
  3 bats
  3 giant cockroaches
  2 goblins (D:1)
  2 hobgoblins
  4 jackals (D:1)
  7 kobolds
  A quokka (D:1)
  2 ball pythons (D:1)
  5 rats
36 creatures vanquished.

Notes
Turn   | Place    | Note
-------+----------+-------------------------------------------
     0 | D:1      | pokeman the Deep Elf Hedge Wizard began the quest for the
                  | Orb.
     0 | D:1      | Reached XP level 1. HP: 10/10 MP: 7/7
   422 | D:1      | Reached XP level 2. HP: 15/15 MP: 9/9
   529 | D:1      | You fall into a shaft and drop 1 floor!
   688 | D:2      | Reached skill level 5 in Spellcasting
   850 | D:2      | Reached XP level 3. HP: 20/20 MP: 5/11
   854 | D:2      | Learned a level 3 spell: Mephitic Cloud
   857 | D:2      | Learned a level 2 spell: Call Imp
   860 | D:2      | Learned a level 2 spell: Blink
  1053 | D:1      | Reached skill level 1 in Armour
  1164 | D:1      | Reached skill level 1 in Fighting
  1668 | D:1      | Reached XP level 4. HP: 25/25 MP: 11/13
  2172 | D:2      | HP: 1/25 [gnoll/+0 flail (6)]
  2181 | D:2      | Mangled by a gnoll

Illustrated notes

Levels and vault maps discovered:
D:1:      dpeg_arrival_circle_labyrinth_a, layout_loops_corners
D:2:      layout_loops_corners

Skill      XL: |  1  2  3 |
---------------+----------+-----
Spellcasting   | 5 |  5.5
Armour         | 1 |  1.1
Fighting       | 1 |  1.1
Conjurations   | 2 |  2.1
Dodging        | |  2.4
Stealth        | |  2.4
Summonings     | |  1.1
Translocations | |  1.1

Action                   |  1- 3 |  4- 6 || total
-------------------------+-------+-------++-------
Melee: Dagger            |     3 |     4 ||     7
 Cast: Magic Dart        |    80 |    12 ||    92
       Mephitic Cloud    |       |     2 ||     2
 Stab: Sleeping          |     2 |       ||     2
Armor: Robe              |     3 |     1 ||     4
Dodge: Dodged            |     8 |     8 ||    16

Table legend: (Time is in decaauts)
 A = Elapsed time spent in this place.
 B = Non-inter-level travel time spent in this place.
 C = Inter-level travel time spent in this place.
 D = Time resting spent in this place.
 E = Time spent auto-exploring this place.
 F = Levels seen in this place.
 G = Mean time per level.
                   A        B        C        D        E       F      G
               +--------+--------+--------+--------+--------+-----+--------+
         Total |   2180 |   2170 |     10 |      0 |   1962 |   2 | 1090.0 |
       Dungeon |   2180 |   2170 |     10 |      0 |   1962 |   2 | 1090.0 |
               +--------+--------+--------+--------+--------+-----+--------+

Top non-repeatable levels by time:
     D:1: 1504 daAuts
     D:2: 676 daAuts
